 Dungeon Crawl Stone Soup version 0.31-a0-1522-g43313d8a59 (webtiles) character file.

Game seed: 3650929531302688973

88 Curundu the Poker (level 4, 0/41 HPs)
             Began as a Minotaur Berserker on Dec 31, 2023.
             Was a Believer of Trog.
             Slain by Crazy Yiuf
             ... wielding a +2 quarterstaff of chaos
              (4 damage)
             ... on level 2 of the Dungeon.
             The game lasted 00:04:36 (1540 turns).

Curundu the Poker (Minotaur Berserker)              Turns: 1540, Time: 00:04:37

Health: 0/41       AC: 12    Str: 23    XL:     4   Next: 30%
Magic:  3/3        EV:  7    Int:  4    God:    Trog [**....]
Gold:   35         SH:  0    Dex: 10    Spells: 3/3 levels left

rFire   + + .        r - +1 mace (protect)
rCold   + . .        (no shield)
rNeg    . . .        d - +0 plate armour
rPois   +            (helmet restricted)
rElec   +            (no cloak)
rCorr   +            (no gloves)
SInv    .            m - +0 pair of boots
Will    .....        (no amulet) Stlth
                     i - ring of protection from fire
HPRegen 0.26/turn    (no ring)
MPRegen 0.08/turn

%: no passive effects
@: resistant
A: horns 2, retaliatory headbutt
a: Renounce Religion, Berserk, Trog's Hand


You were on level 2 of the Dungeon.
You worshipped Trog.
Trog was pleased with you.
You visited 1 branch of the dungeon, and saw 2 of its levels.

You collected 35 gold pieces.

Inventory:

Hand Weapons
 r - a +1 mace of protection (weapon)
Missiles
 h - a throwing net
Armour
 d - a +0 plate armour (worn)
 m - a +0 pair of boots (worn)
Jewellery
 g - a ring of resist corrosion
 i - a ring of protection from fire (left hand)
 n - an amulet of magic regeneration
Scrolls
 b - a scroll of blinking {unknown}
 c - a scroll of fog {unknown}
 e - a scroll of silence {unknown}
 f - 3 scrolls of identify {unknown}
 j - a scroll of poison {unknown}
 o - a scroll of revelation {unknown}
Potions
 k - a potion of haste {unknown}
 l - a potion of curing {unknown}
 p - 2 potions of heal wounds {unknown}
 q - a potion of might {unknown}


   Skills:
 + Level 4.5 Fighting
 + Level 4.8 Polearms
 + Level 3.3 Armour
 + Level 2.6 Dodging


You had 3 spell levels left.
You didn't know any spells.
Your spell library was empty.

Dungeon Overview and Level Annotations

Branches:
Dungeon (2/15)

Altars:

Annotations:
D:2 Crazy Yiuf


Innate Abilities, Weirdness & Mutations

You have a pair of horns on your head.
You reflexively headbutt those who attack you in melee.


Message History

Crazy Yiuf says, "Earwax action ladder!"
Crazy Yiuf cries, "You leg down broken song, no?"
You open the door. You hit Crazy Yiuf.
Your weapon exudes an aura of protection.
Crazy Yiuf is lightly wounded.
Crazy Yiuf cries, "You leg down broken song, no?"
Crazy Yiuf hits you but does no damage. x2
You hit Crazy Yiuf. Your headbutt misses Crazy Yiuf.
Crazy Yiuf is heavily wounded.
Crazy Yiuf hits you but does no damage.
You hit Crazy Yiuf.
Crazy Yiuf is heavily wounded.
Crazy Yiuf hits you but does no damage. Crazy Yiuf barely misses you.
You barely miss Crazy Yiuf.
Crazy Yiuf is heavily wounded.
Crazy Yiuf hits you with a +2 quarterstaff of chaos.
You barely miss Crazy Yiuf.
Crazy Yiuf is heavily wounded.
Crazy Yiuf barely misses you.
You hit Crazy Yiuf.
Crazy Yiuf is severely wounded.
Crazy Yiuf hits you but does no damage.
You feel protected. Crazy Yiuf hits you but does no damage.
You barely miss Crazy Yiuf.
Crazy Yiuf is severely wounded.
Crazy Yiuf hits you but does no damage.
You fall asleep.
Crazy Yiuf glowers.
Crazy Yiuf hits you with a +2 quarterstaff of chaos!!
You wake up.
Ouch! That really hurt!
* * * LOW HITPOINT WARNING * * *
Crazy Yiuf burns you.
* * * LOW HITPOINT WARNING * * *
You closely miss Crazy Yiuf.
Crazy Yiuf is severely wounded.
Crazy Yiuf hits you with a +2 quarterstaff of chaos.
You die...

#.##....#..####....###........#
#.##.#..#..# ##..## #..##..###
#.......#..# ♣....♣
#..##..##### ...........#
♣♣...♣ #..##......#
.....###...# ♣♣.♣♣ #..##.####.#
.#.........# ♣♣.♣ #..##......#
.#........## ♣.♣♣ #..##.######
...........# ♣♣.♣ #..##.#
...........# ♣@♣♣ #.###.#
###........# #g# #.###.#
.##........# ... #.....#
###.......## #...# #..#######
..(.......## #)..# #........#
.##........# ##### ########.###
.........).# #.......
.##..##>..##### #.##.##.
.##..##.#.##..### #.##.##.


You could see Crazy Yiuf.

Vanquished Creatures
  Terence (D:2)
  2 adders (D:2)
  A dart slug (D:2)
  A ribbon worm (D:2)
  4 bats
  4 endoplasms
  A giant cockroach (D:2)
  2 goblins (D:2)
  3 hobgoblins
  4 jackals (D:2)
  A kobold (D:1)
  5 quokkas
  2 ball pythons (D:2)
  2 frilled lizards
  2 rats (D:2)
35 creatures vanquished.

Notes
Turn   | Place    | Note
-------+----------+-------------------------------------------
     0 | D:1      | Curundu the Minotaur Berserker began the quest for the Orb.
     0 | D:1      | Reached XP level 1. HP: 19/19 MP: 0/0
   524 | D:1      | Reached XP level 2. HP: 27/27 MP: 1/1
   783 | D:2      | Reached XP level 3. HP: 26/33 MP: 2/2
  1198 | D:2      | Reached ** piety under Trog
  1271 | D:2      | Noticed Terence
  1284 | D:2      | Killed Terence
  1285 | D:2      | Reached XP level 4. HP: 30/41 MP: 3/3
  1374 | D:2      | Found a runed translucent door.
  1375 | D:2      | Noticed Crazy Yiuf
  1540 | D:2      | Slain by Crazy Yiuf

Illustrated notes

Levels and vault maps discovered:
D:1:      psy_arrival_heroes, layout_basic, minmay_misc_feat_more_columns
D:2:      layout_basic, minmay_misc_feat_doors, minmay_pentomino_v2,
          uniq_terence, uniq_crazy_yiuf_cottage

Skill      XL: |  1  2  3 |
---------------+----------+-----
Polearms       | 4 |  4.8
Fighting       | 4 |  4.5
Armour         | 3 |  3.3
Dodging        | |  2.6

Action                     |  1- 3 |  4- 6 || total
---------------------------+-------+-------++-------
  Melee: Spear             |   104 |       ||   104
         Headbutt          |    10 |       ||    10
         Punch             |     1 |       ||     1
         Mace              |       |     8 ||     8
 Armour: Plate armour      |   106 |    10 ||   116
  Dodge: Dodged            |    43 |     2 ||    45

Table legend: (Time is in decaauts)
 A = Elapsed time spent in this place.
 B = Non-inter-level travel time spent in this place.
 C = Inter-level travel time spent in this place.
 D = Time resting spent in this place.
 E = Time spent auto-exploring this place.
 F = Levels seen in this place.
 G = Mean time per level.
                   A        B        C        D        E       F      G
               +--------+--------+--------+--------+--------+-----+--------+
         Total |   1529 |   1529 |      0 |      0 |   1202 |   2 |  764.5 |
       Dungeon |   1529 |   1529 |      0 |      0 |   1202 |   2 |  764.5 |
               +--------+--------+--------+--------+--------+-----+--------+

Top non-repeatable levels by time:
     D:2: 835 daAuts
     D:1: 693 daAuts
